Map: Неоновая площадь РВ

Players

ИИ 1 (знаток)

  • Race: Terran Terran
  • Spawn Location: 11:00

Doll - Winner!

  • Race: Protoss Protoss
  • Spawn Location: 5:00

VOD

Have the link to the VOD?

Description

Time

  • Played on: Dec. 16, 2020, 10:35 a.m.
  • Length: 10:05
Show
View Real Time Build Order
Export as new Build Order

ИИ 1 (знаток) Terran 

Build Orders:  

Get SALT Encoding   

  12  0:00  SCV  
  13  0:13  SCV  
  14  0:20  Supply Depot  
  14  0:25  SCV  
  15  0:42  SCV  
  16  0:43  Barracks  
  16  0:54  SCV  
  17  1:06  SCV  
  18  1:17  Command Center  
  18  1:33  Orbital Command, Marine  
  18  1:38  Supply Depot  
  19  1:46  Refinery  
  19  1:51  Marine  
  20  1:58  SCV  
  21  2:02  Barracks  
  21  2:09  Refinery  
  21  2:10  SCV  
  22  2:27  SCV  
  23  2:39  SCV  
  24  2:44  Marine  
  24  2:45  Factory  
  24  2:48  Marine  
  26  2:52  SCV  
  27  2:58  Refinery  
  27  3:01  Refinery  
  27  3:03  Barracks Tech Lab  
  27  3:13  SCV  
  27  3:14  SCV  
  29  3:22  Barracks Tech Lab  
  29  3:23  Marauder  
  29  3:25  SCV  
  29  3:27  SCV  
  33  3:35  Hellion  
  33  3:37  SCV  
  33  3:38  Factory  
  36  3:43  SCV  
  37  3:49  SCV  
  37  3:55  Supply Depot  
  38  3:57  Factory Tech Lab  
  38  4:04  Starport  
  38  4:06  Starport  
  38  4:16  Marauder  
  40  4:22  Factory Tech Lab  
  40  4:28  Siege Tank  
  43  4:40  Viking  
  43  4:44  Starport Tech Lab  
  47  4:53  Widow Mine, Supply Depot  
  47  4:54  SCV  
  47  4:56  SCV  
  49  5:04  Banshee, Stimpack  
  49  5:06  SCV  
  53  5:08  SCV  
  53  5:10  Starport Tech Lab  
  54  5:15  Combat Shield  
  54  5:18  SCV  
  55  5:23  Engineering Bay  
  55  5:28  SCV  
  56  5:34  SCV  
  57  5:35  Supply Depot  
  57  5:40  SCV  
  58  5:46  Marine  
  58  5:47  SCV  
  59  5:51  Terran Infantry Weapons Level 1  
  59  5:52  SCV  
  60  5:58  Marine  
  60  5:59  SCV  
  60  6:03  Supply Depot  
  62  6:04  SCV  
  62  6:10  Marine  
  62  6:11  SCV  
  65  6:16  SCV  
  66  6:22  Marine  
  66  6:24  SCV  
  66  6:25  Supply Depot  
  68  6:28  SCV  
  69  6:34  Concussive Shells  
  69  6:35  Marauder  
  69  6:36  SCV  
  74  6:47  SCV, Marauder  
  74  6:48  SCV  
  74  6:49  Supply Depot  
  76  6:59  SCV, Marauder  
  79  7:06  Missile Turret  
  79  7:09  Missile Turret  
  79  7:11  SCV x2, Siege Tank  
  79  7:13  Raven  
  86  7:17  Missile Turret  
  86  7:18  Supply Depot  
  86  7:21  Missile Turret  
  86  7:23  SCV  
  86  7:24  Widow Mine  
  86  7:28  Sensor Tower  
  89  7:30  Bunker  
  89  7:35  Viking  
  91  7:37  Armory  
  91  7:40  Barracks  
  91  7:44  Supply Depot  
  91  7:46  Terran Infantry Armor Level 1  
  91  7:47  Bunker  
  91  7:56  Raven  
  93  8:05  Banshee  
  96  8:27  Barracks Reactor  
  96  9:00  Marine  
  96  9:01  Marine, Raven  
  96  9:02  Hellion  
  88  9:03  Marine  
  88  9:04  Hellion  
  88  9:05  Supply Depot  
  88  9:06  Raven  
  72  9:15  Marine  
  58  9:22  Missile Turret  
  58  9:23  Hellion  
  58  9:24  Marine  
  59  9:30  Marine  
  35  9:33  Command Center  
  35  9:37  Marine  
  34  9:45  Marine  
  20  9:57  Command Center  
Show
View Real Time Build Order
Export as new Build Order

Doll Protoss - Winner!

Build Orders: 1 Gate Expand 

Get SALT Encoding   

  12  0:00  Probe  
  13  0:13  Probe  
  14  0:20  Pylon  
  14  0:26  Probe  
  15  0:38  Probe (Chrono Boost)  
  15  0:41  Gateway  
  17  0:50  Probe (Chrono Boost)  
  17  0:53  Pylon  
  17  0:54  Probe (Chrono Boost)  
  18  1:00  Assimilator  
  18  1:06  Probe (Chrono Boost)  
  19  1:15  Probe (Chrono Boost)  
  20  1:34  Nexus  
  20  1:39  Zealot  
  22  1:45  Probe  
  23  1:50  Assimilator  
  23  1:57  Probe  
  24  2:05  Cybernetics Core  
  24  2:08  Zealot  
  26  2:11  Probe  
  27  2:24  Probe  
  27  2:25  Gateway  
  28  2:35  Pylon  
  28  2:38  Zealot  
  28  2:41  Probe  
  31  2:46  Probe  
  32  2:51  Warp Gate  
  32  2:54  Probe  
  32  2:58  Probe  
  34  3:05  Stalker  
  34  3:06  Probe  
  34  3:11  Probe  
  38  3:15  Stalker  
  38  3:19  Probe  
  41  3:24  Probe  
  42  3:31  Robotics Facility  
  42  3:32  Probe  
  43  3:36  Stalker  
  43  3:38  Probe  
  46  3:45  Stalker  
  46  3:46  Probe  
  49  3:52  Pylon  
  49  3:53  Probe  
  50  3:58  Probe  
  51  4:03  Pylon  
  51  4:07  Stalker  
  51  4:08  Probe  
  54  4:12  Probe  
  55  4:18  Immortal  
  55  4:19  Sentry  
  55  4:21  Probe  
  62  4:26  Probe  
  62  4:28  Assimilator  
  62  4:31  Assimilator  
  63  4:35  Probe  
  63  4:36  Twilight Council  
  64  4:39  Probe  
  65  4:47  Robotics Facility  
  65  4:48  Probe, Pylon  
  66  4:53  Probe  
  66  4:56  Pylon  
  67  5:00  Observer  
  67  5:01  Probe  
  67  5:06  Probe  
  70  5:08  Stalker x2  
  74  5:16  Probe  
  74  5:17  Dark Shrine  
  74  5:20  Probe  
  76  5:25  Gateway  
  76  5:30  Immortal  
  76  5:33  Probe  
  76  5:34  Probe  
  82  5:39  Pylon  
  82  5:46  Probe  
  83  5:55  Probe  
  84  5:57  Nexus  
  84  6:02  Immortal  
  84  6:03  Probe  
  89  6:08  Stalker  
  89  6:09  Sentry  
  93  6:14  Pylon  
  93  6:18  Pylon  
  93  6:25  Gateway  
  93  6:26  Forge  
  93  6:30  Forge  
  93  6:34  Dark Templar  
  93  6:36  Dark Templar  
  97  6:40  Dark Templar  
  97  6:44  Probe  
  97  6:45  Probe  
  101  6:49  Pylon  
  101  6:55  Immortal  
  101  6:57  Probe  
  101  6:59  Probe  
  107  7:07  Immortal  
  111  7:09  Dark Templar  
  111  7:13  Dark Templar  
  111  7:15  Probe  
  116  7:16  Probe  
  116  7:17  Probe  
  118  7:24  Dark Templar  
  118  7:25  Dark Templar  
  122  7:30  Probe  
  122  7:31  Probe  
  122  7:32  Probe  
  122  7:33  Protoss Ground Weapons Level 1  
  122  7:35  Protoss Ground Armor Level 1  
  125  7:43  Stalker  
  127  7:46  Stalker  
  127  7:50  Probe  
  130  7:51  Probe  
  130  7:57  Stalker  
  133  8:01  Pylon  
  133  8:03  Pylon  
  133  8:07  Robotics Bay  
  133  8:12  Gateway  
Tags
 
Add a new tag
Caveats
  • Supply blocks, unpowered buildings, or Contaminate may cause inaccurate times.
  • Supply counts are checked every 10 seconds.